 Dungeon Crawl Stone Soup version 0.24.0-123-gd5b16e6ec5 (webtiles) character file.

Game seed: 8512187934965169964, levelgen mode: deterministic

46 ElTigreChino the Digger (level 3, -5/19 HPs)
             Began as a Gargoyle Earth Elementalist on Jan 27, 2020.
             Slain by a gnoll
             ... wielding a +0 spear
              (6 damage)
             ... on level 2 of the Dungeon.
             The game lasted 00:10:13 (1090 turns).

ElTigreChino the Digger (GrEE)                      Turns: 1090, Time: 00:10:14

Health: -5/19      AC:  5    Str: 11    XL:     3   Next: 68%
Magic:  7/7        EV: 12    Int: 16    God:
Gold:   109        SH:  0    Dex: 10    Spells: 6/7 levels left

rFire    . . .     SeeInvis .   f - +0 dagger
rCold    . . .     Gourm    .   (no shield)
rNeg     + . .     Faith    .   c - +0 robe
rPois    ∞         Spirit   .   (no helmet)
rElec    +         Reflect  .   (no cloak)
rCorr    .         Harm     .   (no gloves)
MR       .....                  (no boots)
Stlth    ++........             (no amulet)
HPRegen  0.06/turn              (no ring)
MPRegen  0.10/turn              (no ring)

@: no status effects
A: negative energy resistance 1, electricity resistance, unbreathing,
petrification resistance, rot immunity, AC +3
a: no special abilities


You were on level 2 of the Dungeon.
You were not hungry.

You visited 1 branch of the dungeon, and saw 3 of its levels.

You collected 109 gold pieces.

Inventory:

Hand Weapons
 f - a +0 dagger (weapon)
Armour
 c - a +0 robe (worn)
Jewellery
 k - an uncursed amulet of magic regeneration {unknown}
 n - an uncursed amulet of magic regeneration {unknown}
Scrolls
 a - a scroll of magic mapping {unknown}
 i - a scroll of identify {unknown}
 l - 2 scrolls of enchant armour {unknown}
 m - a scroll of immolation {unknown}
Potions
 e - 2 potions of curing {unknown}
 g - a potion of lignification {unknown}
 h - a potion of magic {unknown}
 j - 3 potions of agility
Comestibles
 d - 5 rations
 o - a chunk of flesh


   Skills:
 - Level 1.5 Dodging
 - Level 2.1 Stealth
 + Level 2.7 Spellcasting
   Level 0.7 Transmutations
 + Level 4.8 Earth Magic


You had 6 spell levels left.
You knew the following spells:

 Your Spells              Type           Power        Failure   Level  Hunger
a - Sandblast             Erth           ###...       2%          1    #......

Your spell library contained the following spells:

 Spells                   Type           Power        Failure   Level  Hunger
 Passwall                 Tmut/Erth      ##......     10%         2    ##.....
 Stone Arrow              Conj/Erth      ##....       22%         3    ###....
 Petrify                  Tmut/Erth      ##......     52%         4    #####..
 Lee's Rapid Deconstruct  Erth           ###.......   58%         5    ######.


Dungeon Overview and Level Annotations

Branches:
Dungeon (3/15)

Altars:


Innate Abilities, Weirdness & Mutations

You are resistant to torment.
Your stone body is resilient. (AC +3)
You are immune to poison.
You resist negative energy. (rN+)
You are resistant to electric shocks. (rElec)
You can survive without breathing.
You are immune to petrification.
You are immune to rotting.


Message History

The gnoll is heavily wounded.
The gnoll hits you with a +0 spear.
* * * LOW HITPOINT WARNING * * *
You closely miss the gnoll.
The gnoll is heavily wounded.
The gnoll closely misses you.
You hit the gnoll.
The gnoll is severely wounded.
The gnoll hits you with a +0 spear.
* * * LOW HITPOINT WARNING * * *
You closely miss the gnoll.
The gnoll is severely wounded.
The gnoll barely misses you.
You hit the gnoll but do no damage.
The gnoll is severely wounded.
The gnoll closely misses you. The dart slug misses you.
You hit the gnoll.
The gnoll is almost dead.
The gnoll hits you with a +0 spear.
You die...

#...#####.##.# #.#
#####...#####.##.#####.###
........................<#
.....#.)##.##..#†#####.###
#....#..##.#.....## #...
#... #..##.#...... #.###
.####)...#..##.#...#####
#.#
...............w>.......
..#
........##..##.#@..#####
#.# ...............#g..#
#.#
.##.#.####.##..#...#####
.##.#..........#........
...........##.##.......$
.................#.#####
...........##.#.##.#
###..##.##.##.#.# .#
.##..##.##.##...# .#


You could see a gnoll and a dart slug.

Vanquished Creatures
  2 leopard geckos (D:1)
  4 bats
  7 goblins
  7 hobgoblins
  A jackal (D:1)
  8 kobolds (D:1)
  A quokka (D:3)
  A ball python (D:2)
  6 frilled lizards
  3 rats
40 creatures vanquished.

Notes
Turn   | Place    | Note
-------+----------+-------------------------------------------
     0 | D:1      | ElTigreChino the Gargoyle Earth Elementalist began the
                  | quest for the Orb.
     0 | D:1      | Reached XP level 1. HP: 10/10 MP: 3/3
   116 | D:1      | Reached skill level 4 in Earth Magic
   143 | D:1      | Reached XP level 2. HP: 9/15 MP: 0/5
   421 | D:1      | Reached XP level 3. HP: 9/19 MP: 2/6
  1090 | D:2      | Slain by a gnoll

Levels and vault maps discovered:
D:1:      dpeg_arrival_chase, layout_basic, minmay_hexomino_c4
D:2:      layout_basic, minmay_distorted, uniq_jessica, uniq_natasha
D:3:      layout_basic, nicolae_overflow_crystal_walls, first_ration,
          uniq_crazy_yiuf_cottage, uniq_ijyb

Skill      XL: |  1 |
---------------+----+-----
Earth Magic    | 4 |  4.8
Dodging        | |  1.5
Stealth        | |  2.1
Spellcasting   | |  2.7
Transmutations | |  0.7

Action                   || total
-------------------------++-------
Melee: Unarmed           ||    19
       Dagger            ||    76
 Cast: Sandblast         ||    33
 Stab: Sleeping          ||     6
  Eat: Chunk             ||     1
Armor: Robe              ||    24
Dodge: Dodged            ||    55
